 Dungeon Crawl Stone Soup version 0.29-a0-1027-gcd8c55af63 (webtiles) character file.

Game seed: 6785048150788177748

3356 Drevant2 the Slicer (level 9, -3/55 (61) HPs)
             Began as a Demonspawn Gladiator on Aug 13, 2022.
             Slain by Joseph
             ... wielding a +0 quarterstaff of draining
              (18 damage)
             ... on level 8 of the Dungeon.
             The game lasted 00:16:10 (7199 turns).

Drevant2 the Slicer (Demonspawn Gladiator)          Turns: 7199, Time: 00:16:11

HP:   -3/55 (61)    AC:  9    Str: 14    XL:     9   Next: 73%
MP:   9/9           EV: 16    Int: 10    God:
Gold: 224           SH:  0    Dex: 19    Spells: 8/8 levels left

rFire   . . .      SeeInvis .   o - +2 short sword (venom)
rCold   + . .      Faith    .   (no shield)
rNeg    + . .      Spirit   .   w - +2 leather armour of Qierenyg {rN+ Will++ Regen+ rCorr}
rPois   .          Reflect  .   c - +1 helmet
rElec   .          Harm     .   (no cloak)
rCorr   +          Rampage  .   (no gloves)
Will    ++...                   (no boots)
Stlth   +.........              (no amulet)
HPRegen 0.98/turn               (no ring)
MPRegen 0.22/turn               (no ring)

@: drained
A: molten scales 1, foul stench 2, magic regeneration, cold resistance 1
a: no special abilities


You were on level 8 of the Dungeon.
You visited 1 branch of the dungeon, and saw 8 of its levels.

You collected 224 gold pieces.

Inventory:

Hand Weapons
 a - a +0 long sword
 o - a +2 short sword of venom (weapon)
Missiles
 d - 2 throwing nets (quivered)
 e - a javelin
Armour
 b - a +0 leather armour
 c - a +1 helmet (worn)
 m - a +0 scale mail
 w - the +2 leather armour of Qierenyg (worn) {rN+ Will++ Regen+ rCorr}
   (You found it on level 3 of the Dungeon)

   rN:        It protects you from negative energy.
   Regen:     It increases your rate of health regeneration.
   rCorr:     It protects you from acid and corrosion.
   Will:      It greatly increases your willpower.
Jewellery
 h - a +6 ring of strength
 r - a ring of poison resistance
 B - a ring of willpower
Wands
 D - a wand of digging (3)
 E - a wand of iceblast (9)
Scrolls
 g - 6 scrolls of identify {unknown}
 i - a scroll of acquirement {unknown}
 j - 2 scrolls of poison {unknown}
 l - a scroll of magic mapping {unknown}
 t - 2 scrolls of enchant armour
 v - a scroll of fear
 x - a scroll of teleportation {unknown}
 y - a scroll of silence {unknown}
 z - a scroll of immolation {unknown}
 A - a scroll of enchant weapon {unknown}
 C - 3 scrolls of blinking
Potions
 f - a potion of attraction
 n - a potion of haste {unknown}
 p - a potion of degeneration {unknown}
 q - 3 potions of curing
 s - 3 potions of lignification
 u - a potion of cancellation {unknown}


   Skills:
 - Level 2.0 Fighting
 - Level 13.0(13.2) Short Blades
 - Level 4.0(9.3) Long Blades
 - Level 1.7 Throwing
 * Level 7.0 Dodging


You had 8 spell levels left.
You didn't know any spells.
Your spell library contained the following spells:

 Spells                   Type           Power      Damage    Failure   Level
 Slow                     Hex            0%         N/A       43%         1
 Blink                    Tloc           0%         N/A       58%         2
 Sublimation of Blood     Necr           0%         N/A       58%         2
 Call Canine Familiar     Summ           0%         N/A       82%         3
 Confusing Touch          Hex            0%         N/A       82%         3
 Dazzling Flash           Conj/Hex       0%         N/A       82%         3
 Lesser Beckoning         Tloc           0%         N/A       82%         3
 Portal Projectile        Hex/Tloc       0%         N/A       82%         3
 Vampiric Draining        Necr           0%         2d6       82%         3
 Iskenderun's Mystic Bla  Conj/Tloc      0%         2d3       99%         4
 Leda's Liquefaction      Hex/Erth       0%         N/A       99%         4
 Petrify                  Tmut/Erth      0%         N/A       99%         4
 Irradiate                Conj/Tmut      0%         3d11      100%        5
 Manifold Assault         Tloc           0%         N/A       100%        5
 Starburst                Conj/Fire      0%         6d3       100%        6


Dungeon Overview and Level Annotations

Branches:
Dungeon (8/15)             Temple (0/1) D:7            Lair (0/5) D:8

Altars:
Cheibriados
Nemelex Xobeh
Qazlal
Uskayaw
Vehumet
Wu Jian
Xom

Annotations:
D:8 Joseph


Innate Abilities, Weirdness & Mutations

You are partially covered in molten scales. (AC +2)
You sometimes emit foul miasma when damaged in melee.
You regenerate magic rapidly.
Your flesh is cold resistant. (rC+)


Message History

The sling bullet hits you!
Joseph unwields a +0 sling.
Joseph wields a +0 quarterstaff of draining.
You sense an unholy aura.
Joseph barely misses you.
You hit Joseph.
Joseph is poisoned.
Joseph is lightly wounded.
You hit Joseph but do no damage.
Joseph looks as sick as possible!
Joseph is lightly wounded.
You hit Joseph. You punch Joseph, but do no damage.
Joseph is lightly wounded.
Joseph hits you with a +0 quarterstaff of draining.
You partially resist.
You feel drained.
You hit Joseph.
Joseph looks as sick as possible!
Joseph is lightly wounded.
You barely miss Joseph.
Joseph is moderately wounded.
Joseph hits you with a +0 quarterstaff of draining!
You partially resist.
You feel drained.
You puncture Joseph!
Joseph looks as sick as possible!
Joseph is moderately wounded.
You hit Joseph.
Joseph looks as sick as possible!
Joseph is moderately wounded.
Joseph hits you with a +0 quarterstaff of draining!
* * * LOW HITPOINT WARNING * * *
You partially resist.
You feel drained.
* * * LOW HITPOINT WARNING * * *
You hit Joseph.
Joseph looks as sick as possible!
Joseph is heavily wounded.
You hit Joseph but do no damage.
Joseph looks as sick as possible!
Joseph is heavily wounded.
Joseph says, "The best offense is a good offense."
Joseph hits you with a +0 quarterstaff of draining!
* * * LOW HITPOINT WARNING * * *
You partially resist.
You feel drained.
You hit Joseph.
Joseph looks as sick as possible!
Joseph is heavily wounded.
You hit Joseph.
Joseph looks as sick as possible!
Joseph is severely wounded.
Joseph hits you with a +0 quarterstaff of draining!!
You die...

#.. .## ..
...# ##..
#..###..
#......
#....# .
#...####
...
#.@...#...#
#.@#.<....#
#..#####..#
#..# ..#
#.# # .. ..
##.


You could see Joseph (extremely poisoned).

Vanquished Creatures
  3 wargs (D:7)
  A water moccasin (D:5)
  An orc warrior (D:7)
  3 black bears
  2 sky beasts
  2 ice beasts
  An ogre (D:5)
  A necrophage (D:6)
  A bullfrog (D:7)
  3 scorpions
  4 howler monkeys
  3 orc priests
  A jelly (D:6)
  6 orc wizards
  2 iguanas (D:4)
  A mummy (D:3)
  6 adders
  An ufetubus (D:7)
  A worm (D:2)
  6 dart slugs
  18 orcs
  3 ball pythons
  2 bats
  6 endoplasms
  3 giant cockroaches
  9 goblins
  3 hobgoblins
  6 jackals
  7 kobolds
  5 quokkas
  2 frilled lizards
  25 rats
138 creatures vanquished.

Vanquished Creatures (others)
  An angel (D:3)
  A dart slug (D:6)
2 creatures vanquished.

Grand Total: 140 creatures vanquished

Notes
Turn   | Place    | Note
-------+----------+-------------------------------------------
     0 | D:1      | Drevant2 the Demonspawn Gladiator began the quest for the
                  | Orb.
     0 | D:1      | Reached XP level 1. HP: 16/16 MP: 1/1
   379 | D:1      | Gained mutation: You may rarely emit foul miasma when
                  | damaged in melee. [demonic ancestry]
   379 | D:1      | Reached XP level 2. HP: 19/22 MP: 2/2
   889 | D:1      | Found a faded altar of an unknown god.
  1057 | D:2      | Reached XP level 3. HP: 23/27 MP: 3/3
  1832 | D:3      | Noticed an angel
  1832 | D:3      | Found a shimmering altar of Xom.
  1862 | D:3      | Reached skill level 1 in Short Blades
  1985 | D:3      | Found a radiant altar of Vehumet.
  2037 | D:3      | Killed an angel
  2100 | D:3      | Identified the +2 leather armour of Qierenyg {rN+ Will++
                  | Regen+ rCorr}
  2282 | D:3      | Reached XP level 4. HP: 27/33 MP: 4/4
  3207 | D:3      | Found a snail-covered altar of Cheibriados.
  3362 | D:3      | Reached skill level 2 in Short Blades
  3554 | D:4      | Noticed a scorpion
  3566 | D:3      | Reached skill level 3 in Short Blades
  3566 | D:3      | Gained mutation: You sometimes emit foul miasma when
                  | damaged in melee. [demonic ancestry]
  3566 | D:3      | Reached XP level 5. HP: 34/38 MP: 5/5
  3936 | D:4      | Reached skill level 4 in Short Blades
  3957 | D:4      | Reached XP level 6. HP: 44/44 MP: 6/6
  4066 | D:4      | Noticed an ice beast
  4078 | D:4      | Killed an ice beast
  4563 | D:5      | Entered Level 5 of the Dungeon
  4630 | D:5      | Reached skill level 5 in Dodging
  4630 | D:5      | Gained mutation: You are partially covered in molten
                  | scales. (AC +2) [demonic ancestry]
  4630 | D:5      | Reached XP level 7. HP: 30/50 MP: 7/7
  5232 | D:6      | Reached skill level 5 in Short Blades
  5364 | D:6      | Gained mutation: You regenerate magic rapidly. [demonic
                  | ancestry]
  5364 | D:6      | Reached XP level 8. HP: 54/56 MP: 8/8
  5521 | D:6      | Found a hide-covered altar of Uskayaw.
  5522 | D:6      | Found an ornate altar of the Wu Jian Council.
  5523 | D:6      | Found a sparkling altar of Nemelex Xobeh.
  5524 | D:6      | Found a stormy altar of Qazlal.
  5573 | D:6      | Reached skill level 6 in Short Blades
  5576 | D:6      | Gained mutation: Your flesh is cold resistant. (rC+)
                  | [potion of mutation]
  5576 | D:6      | Gained mutation: You are agile. (Dex +4, Str/Int -1)
                  | [potion of mutation]
  5576 | D:6      | Lost mutation: You are agile. (Dex +4, Str/Int -1) [potion
                  | of mutation]
  5608 | D:6      | Reached skill level 12 in Short Blades
  5608 | D:6      | Reached XP level 9. HP: 17/61 MP: 9/9
  5611 | D:6      | HP: 3/91 [electric eel/bolt of electricity (3)]
  6095 | D:7      | Reached skill level 13 in Short Blades
  6463 | D:7      | Found a staircase to the Ecumenical Temple.
  6716 | D:8      | Found a staircase to the Lair.
  7187 | D:8      | Noticed Joseph
  7199 | D:8      | Slain by Joseph

Illustrated notes

Levels and vault maps discovered:
D:1:      scummos_arrival_forest, layout_loops_ring,
          shapermc_ecumenical_altar_ellora
D:2:      layout_loops_ring, basic_altar
D:3:      layout_loops_corners, mainiacjoe_overflow_alcove_1,
          chei_slow_surprise, grunt_temple_overflow_order_and_chaos_1,
          kennysheep_generic_room_5
D:4:      layout_cave_pools, minmay_rat_hole
D:5:      layout_rooms, serial_park_tiny_2
D:6:      kennysheep_slugbush, layout_cave_pools, mainiacjoe_overflow_alcove_3,
          serial_shops, shop
D:7:      layout_loops_ring, minmay_temple_entry_fiery
D:8:      layout_layer_cave, erik_lair_orcish_takeover, nrook_mini_backslash,
          kb_rosetta, uniq_pikel, uniq_maurice, uniq_joseph

Skill      XL: |  1  2  3  4  5  6  7  8  9 |
---------------+----------------------------+-----
Long Blades    | 3 4 |  4.0
Short Blades   | 1 3 4 5 12 13 | 13.0
Dodging        | 5 6 7 |  7.0
Fighting       | |  2.0
Throwing       | |  1.7

Action                   |  1- 3 |  4- 6 |  7- 9 || total
-------------------------+-------+-------+-------++-------
Melee: Long sword        |    70 |       |       ||    70
       Short sword       |    40 |   149 |   256 ||   445
       Punch             |     1 |     1 |     2 ||     4
Throw: Throwing net      |       |       |     1 ||     1
  Use: Potion            |       |       |    12 ||    12
       Scroll            |       |       |     3 ||     3
 Stab: Sleeping          |     1 |       |       ||     1
       Held in net/web   |       |       |     1 ||     1
Armor: Leather armour    |     1 |    35 |    76 ||   112
       Scale mail        |    39 |     6 |       ||    45
       Skin              |       |       |     9 ||     9
Dodge: Dodged            |    61 |    98 |   132 ||   291

Table legend: (Time is in decaauts)
 A = Elapsed time spent in this place.
 B = Non-inter-level travel time spent in this place.
 C = Inter-level travel time spent in this place.
 D = Time resting spent in this place.
 E = Time spent auto-exploring this place.
 F = Levels seen in this place.
 G = Mean time per level.
                   A        B        C        D        E       F      G
               +--------+--------+--------+--------+--------+-----+--------+
         Total |   7108 |   6412 |    696 |   1332 |   3919 |   8 |  888.5 |
       Dungeon |   7108 |   6412 |    696 |   1332 |   3919 |   8 |  888.5 |
               +--------+--------+--------+--------+--------+-----+--------+

Top non-repeatable levels by time:
     D:3: 2049 daAuts
     D:7: 1269 daAuts
     D:1: 965 daAuts
     D:2: 881 daAuts
     D:5: 735 daAuts
     D:4: 664 daAuts
     D:6: 427 daAuts
     D:8: 115 daAuts
